 Dungeon Crawl Stone Soup version 0.14-a0-2071-g7172c92 (webtiles) character file.

257 MirrMurr the Covert (level 5, -1/24 HPs)
             Began as a Spriggan Enchanter on Jan 23, 2014.
             Killed by nerve-wracking pain
             ... invoked by Grinder
              (3 damage)
             ... on Level 3 of the Dungeon.
             The game lasted 00:08:17 (2829 turns).

MirrMurr the Covert (Spriggan Enchanter)            Turns: 2829, Time: 00:08:18

HP  -1/24        AC  4     Str  5      XL: 5   Next: 15%
MP   4/14        EV 18     Int 17      God:
Gold 100         SH  0     Dex 16      Spells:  3 memorised,  3 levels left

rFire  . . .     SeeInvis +     a - +1 dagger
rCold  . . .     Clarity  .     b - +1 robe
rNeg   . . .     Conserve .     (shield restricted)
rPois  .         rCorr    .     (helmet restricted)
rElec  .         rRot     .     n - +0 cloak
SustAb . .       Spirit   .     (gloves unavailable)
rMut   .         Warding  .     (boots unavailable)
Saprov . . .     Stasis   .     (no amulet)
MR     .....                    (no ring)
                                (no ring)

@: very slightly contaminated, very quick, not resistant to hostile
enchantments, very stealthy
A: unfitting armour, see invisible, herbivore 3, speed 3, slow metabolism 2
a: no special abilities


You were on level 3 of the Dungeon.
You were hungry.

You visited 1 branch of the dungeon, and saw 3 of its levels.

You collected 100 gold pieces.

Inventory:

Hand weapons
 a - a +1,+1 dagger (weapon)
 l - a +0,+1 short sword of speed
Missiles
 d - 38 darts (quivered)
 g - 16 sling bullets
 j - a dart of flame
 q - 14 stones
 u - 6 sling bullets of frost
Armour
 b - a +1 robe (worn)
 n - a +0 cloak (worn)
Comestibles
 p - a pear
 A - an apple
Scrolls
 f - 2 scrolls of recharging {unknown}
 h - a scroll of remove curse {unknown}
 i - 3 scrolls of identify
 r - a scroll of random uselessness {unknown}
 v - a scroll of curse weapon {unknown}
Jewellery
 y - an uncursed amulet of rage {unknown}
Potions
 e - a potion of porridge
 k - a potion of confusion {unknown}
 m - a potion of lignification {unknown}
 o - 2 potions of agility
 s - a potion of cure mutation {unknown}
 t - a potion of brilliance {unknown}
 w - a potion of magic {unknown}
 x - a potion of poison {unknown}
 z - a potion of restore abilities {unknown}
 B - a potion of mutation {unknown}
Books
 c - a book of Maledictions

   Spells                             Type                      Level
   *Corona                            Hexes                        1
   Sure Blade                         Hexes/Charms                 2
   *Ensorcelled Hibernation           Hexes/Ice                    2
   *Confuse                           Hexes                        3
   Enslavement                        Hexes                        4
   Invisibility                       Hexes                        6


   Skills:
 - Level 1.1 Short Blades
 - Level 1.1 Throwing
 - Level 3.0 Dodging
 + Level 8.5 Stealth
 - Level 2.6 Spellcasting
 - Level 3.6 Hexes


You had 3 spell levels left.
You knew the following spells:

 Your Spells              Type           Power        Failure   Level  Hunger
a - Ensorcelled Hibernat  Hex/Ice        #.....       17%         2    ##.....
b - Confuse               Hex            ##......     14%         3    ###....
Z - Corona                Hex            ##.....      4%          1    #......


Dungeon Overview and Level Annotations

Branches:
Dungeon (3/16)

Altars:

Annotations:
D:3 Grinder


Innate Abilities, Weirdness & Mutations

You are tiny and cannot use many weapons and most armour.
You have supernaturally acute eyesight.
You are a herbivore.
You cover ground extremely quickly.
You need consume almost no food.


Message History

Aiming: Confuse
Press: ? - help, Shift-Dir - straight line, f - Grinder
Aim: Grinder (severely wounded) Grinder resists.
Grinder gestures.
Grinder blinks!
Casting: Confuse
Confirm with . or Enter, or press ? or * to list all spells.
Aiming: Confuse
Press: ? - help, Shift-Dir - straight line, f/p - Grinder
Aim: Grinder (severely wounded)
You miscast Confuse.
You are very lightly contaminated with residual magic.
Nothing appears to happen.
Grinder hits you!
* * * LOW HITPOINT WARNING * * *
You writhe in agony.
* * * LOW HITPOINT WARNING * * *
Grinder gestures at you. Pain shoots through your body!
You die...

#.# #.#
#.# #.#
#.# #.#
#5# #.#
#@#
#..(..#
#######


You could see Grinder.

Vanquished Creatures
  The ghost of mopl the Insei, an average DgTm (D:3)
  3 adders
  A worm (D:2)
  2 giant geckos
  4 bats
  8 hobgoblins
  5 giant newts
  5 goblins
  13 kobolds
  6 rats
48 creatures vanquished.

Notes
Turn   | Place    | Note
--------------------------------------------------------------
     0 | D:1      | MirrMurr, the Spriggan Enchanter, began the quest for the Orb.
     0 | D:1      | Reached XP level 1. HP: 9/9 MP: 4/4
   337 | D:1      | Reached skill level 4 in Stealth
   553 | D:1      | Reached XP level 2. HP: 2/13 MP: 7/7
   824 | D:1      | Learned a level 2 spell: Ensorcelled Hibernation
  1491 | D:2      | Reached skill level 5 in Stealth
  1807 | D:2      | Reached XP level 3. HP: 16/16 MP: 6/9
  1989 | D:2      | Reached skill level 6 in Stealth
  2418 | D:3      | Reached XP level 4. HP: 21/21 MP: 9/12
  2489 | D:3      | Noticed mopl's ghost (average DgTm)
  2541 | D:3      | Learned a level 3 spell: Confuse
  2807 | D:3      | Killed mopl's ghost
  2807 | D:3      | Reached skill level 8 in Stealth
  2807 | D:3      | Reached XP level 5. HP: 11/24 MP: 8/14
  2817 | D:3      | Noticed Grinder
  2829 | D:3      | Killed from afar by Grinder

Action                   |  1- 3 |  4- 6 || total
-------------------------+-------+-------++-------
Melee: Dagger            |   132 |    28 ||   160
Throw: Dart              |    24 |       ||    24
 Cast: Ensorcelled Hiber |     8 |       ||     8
       Corona            |     2 |       ||     2
       Confuse           |       |     5 ||     5
  Use: Scroll            |     3 |       ||     3
 Stab: Sleeping          |    10 |     4 ||    14
       Confused          |       |     1 ||     1
